 Dungeon Crawl Stone Soup version 0.30-a0-54-g2e61a25929 (webtiles) character file.

Game seed: 8877736129004077468

133 ytrimaz the Trooper (level 4, -2/38 HPs)
             Began as a Demonspawn Monk on Sept 7, 2022.
             Slain by a gnoll
             ... wielding a +0 club
              (4 damage)
             ... on level 3 of the Dungeon.
             The game lasted 00:03:45 (3445 turns).

ytrimaz the Trooper (Demonspawn Monk)               Turns: 3445, Time: 00:03:45

Health: -2/38      AC:  5    Str: 13    XL:     4   Next: 94%
Magic:  4/4        EV: 11    Int: 11    God:
Gold:   224        SH:  0    Dex: 16    Spells: 3/3 levels left

rFire   . . .      SeeInvis .    l - +0 hand axe (vorpal)
rCold   . . .      Faith    .    (no shield)
rNeg    . . .      Spirit   .    h - +0 ring mail
rPois   .          Reflect  .    (helmet restricted)
rElec   .          Harm     .    (no cloak)
rCorr   .          Rampage  .    (no gloves)
Will    .....                    (no boots)
Stlth   +.........               (no amulet)
HPRegen 0.12/turn                (no ring)
MPRegen 0.09/turn                (no ring)

@: no status effects
A: horns 1, demonic guardian 1
a: no special abilities


You were on level 3 of the Dungeon.
You visited 1 branch of the dungeon, and saw 3 of its levels.

You collected 224 gold pieces.


Innate Abilities, Weirdness & Mutations

You have a pair of small horns on your head.
A weak demonic guardian rushes to your aid.


   Skills:
 + Level 4.5 Fighting
 + Level 4.1 Axes
 - Level 2.6 Dodging
 - Level 1.7 Stealth


You had 3 spell levels left.
You didn't know any spells.
Your spell library contained the following spells:

 Spells                   Type           Power      Damage    Failure   Level
 Ozocubu's Armour         Ice            0%         N/A       93%         3
 Ozocubu's Refrigeration  Ice            0%         4d7       100%        7

Inventory:

Hand Weapons
 a - a +0 hand axe
 l - a +0 vorpal hand axe (weapon)
   (You found it on level 3 of the Dungeon)
Armour
 b - a +0 robe
 h - a +0 ring mail (worn)
   (You found it on level 1 of the Dungeon)
Wands
 k - a wand of roots (6)
   (You found it on level 2 of the Dungeon)
Scrolls
 d - a scroll of fear
 f - a scroll of fog
 g - 3 scrolls of vulnerability
 i - 3 scrolls of teleportation
 m - 2 scrolls of identify
Potions
 c - a potion of ambrosia
 e - a potion of resistance
 j - 2 potions of might

Dungeon Overview and Level Annotations

Branches:
Dungeon (3/15) Zot: 14533

Altars:

Annotations:
D:3 3 runed translucent doors, Adrian566's ghost, amateur DsFi

##############
.............#
.............#
.............#
.............#
.............###########
###########.............
'....># #....5........
##### #.....@)......
....# #.....g)......
.##.# #....>........
.#..# #..$..........
.#.## #.............
##.# ...............
##.# ................
##.# ..................
†..# .####..........


You could see a gnoll (ally target) and a friendly iron imp (summoned).


Message History

Unknown command. 😮 HP[+9]
You regained 9 hp, and now have 28/38 hp.
Key pressed, stopping explore.
Unknown command. 😕 HP[+4]
You regained 4 hp, and now have 32/38 hp.
A frilled lizard is nearby! 😕 HP[+1]
A frilled lizard is nearby!
Unknown command.
A frilled lizard is nearby!
The frilled lizard hisses angrily.
You slash the frilled lizard!
You kill the frilled lizard!
No target in view!
You see here a frilled lizard corpse.
No target in view!
Unknown command.
Key pressed, stopping explore.
Things that are here:
a +0 dagger; a +0 dagger; a +1 robe of the Archmagi 😎 HP[+5]
Your hp is fully restored (38).
Unknown command.
Adrian566's ghost turns its malevolent gaze towards you.
Key pressed, stopping explore.
Key pressed, stopping explore.
No target in view!
Key pressed, stopping explore.
No target in view!
Key pressed, stopping explore.
No target in view!
No target in view!
No target in view!
Key pressed, stopping explore.
Key pressed, stopping explore.
The gnoll shouts!
You hear a shout! x2
The gnoll shouts!
There are monsters nearby!
There are monsters nearby!
The gnoll hits you with a +0 spear. 😕 HP[-5]
You take 5 damage, and now have 33/38 hp.
There are monsters nearby!
You hit the gnoll. The gnoll misses you.
You completely miss the gnoll. Your headbutt misses the gnoll.
You completely miss the gnoll. The gnoll completely misses you.
The gnoll barely misses you.
You barely miss the gnoll. You hit the gnoll.
The gnoll hits you but does no damage.
The gnoll hits you with a +0 spear. 😕 HP[-1]
You take 1 damage, and now have 32/38 hp.
You closely miss the gnoll. You headbutt the gnoll.
You punch the gnoll, but do no damage. You closely miss the gnoll.
The gnoll barely misses you.
You hit the gnoll. You completely miss the gnoll. You closely miss the gnoll.
The gnoll hits you with a +0 club. The gnoll closely misses you.
The gnoll hits you but does no damage. 😮 HP[-5]
You take 5 damage, and now have 27/38 hp.
You are too injured to fight recklessly!
You hit the gnoll. You headbutt the gnoll.
You kill the gnoll!
You hit the gnoll. x2; The gnoll closely misses you. x2
Unknown command.
You are too injured to fight recklessly!
You are too injured to fight recklessly!
You hit the gnoll. You hit the gnoll but do no damage.
The gnoll hits you with a +0 club. x2 😮 HP[-4]
You take 4 damage, and now have 23/38 hp.
Unknown command.
You are too injured to fight recklessly!
You completely miss the gnoll. You hit the gnoll. The gnoll misses you.
The gnoll hits you with a +0 club!
* * * LOW HITPOINT WARNING * * *
The gnoll closely misses you. The gnoll barely misses you.
You are too injured to fight recklessly! 😨 HP[-6]
You take 6 damage, and now have 17/38 hp.
You closely miss the gnoll. You barely miss the gnoll.
The gnoll hits you with a +0 club.
* * * LOW HITPOINT WARNING * * *
The gnoll hits you with a +0 club!
* * * LOW HITPOINT WARNING * * *
A demonic guardian appears! 😱 HP[-11]
You take 11 damage, and now have 6/38 hp.
MASSIVE DAMAGE!! (PAUSE)
You completely miss the gnoll. You closely miss the gnoll.
The gnoll closely misses you. The gnoll hits you with a +0 club.
* * * LOW HITPOINT WARNING * * *
😱 HP[-4]
You take 4 damage, and now have 2/38 hp.
Unknown command.
You hit the gnoll.
You kill the gnoll!
You hit the gnoll but do no damage. The gnoll hits you with a +0 club.
You die...

Skill      XL: |  1  2  3  4 |
---------------+-------------+-----
Axes           | 3 4 |  4.1
Fighting       | 4 |  4.5
Dodging        | |  2.6
Stealth        | |  1.7

Action                   |  1- 3 |  4- 6 || total
-------------------------+-------+-------++-------
Melee: Hand axe          |   126 |    39 ||   165
       Punch             |     1 |     1 ||     2
       Headbutt          |    17 |     9 ||    26
  Use: Scroll            |     6 |     2 ||     8
       Potion            |       |     3 ||     3
 Stab: Sleeping          |     4 |       ||     4
Armor: Ring mail         |    40 |    15 ||    55
       Robe              |     2 |       ||     2
       Leather armour    |     2 |       ||     2
Dodge: Dodged            |    71 |    35 ||   106

Levels and vault maps discovered:
D:1:      minmay_arrival_checkered_box, layout_loops_cross,
          basic_ecumenical_altar
D:2:      layout_basic
D:3:      layout_basic, fedhas_altar_4, gammafunk_ghost_icy

Notes
Turn   | Place    | Note
-------+----------+-------------------------------------------
     0 | D:1      | ytrimaz the Demonspawn Monk began the quest for the Orb.
     0 | D:1      | Reached XP level 1. HP: 18/18 MP: 1/1
     0 | D:1      | magus.rc [v1.9.6]
    94 | D:1      | Reached skill level 3 in Axes
   217 | D:1      | Gained mutation: You have a pair of small horns on your
                  | head. [demonic ancestry]
   217 | D:1      | Reached XP level 2. HP: 24/24 MP: 2/2
   590 | D:1      | Found a faded altar of an unknown god.
  1050 | D:1      | Reached XP level 3. HP: 28/29 MP: 3/3
  1557 | D:2      | You add the spells Ozocubu's Armour and Ozocubu's
                  | Refrigeration to your library.
  2198 | D:2      | Reached skill level 4 in Fighting
  2620 | D:3      | Gained mutation: A weak demonic guardian rushes to your
                  | aid. [demonic ancestry]
  2620 | D:3      | Reached XP level 4. HP: 37/37 MP: 4/4
  2621 | D:3      | Found a runed translucent gate.
  2621 | D:3      | Found a runed translucent gate.
  2621 | D:3      | Found a runed translucent gate.
  2642 | D:3      | Identified a +1 robe of the Archmagi
  2650 | D:3      | HP: 9/37 [orc/+0 dagger (2)]
  2917 | D:3      | Noticed Adrian566's ghost (amateur DsFi)
  2941 | D:3      | Reached skill level 4 in Axes
  3074 | D:3      | HP: 9/38 [gnoll/+0 club (3)]
  3075 | D:3      | HP: 4/38 [gnoll/+0 club (5)]
  3443 | D:3      | HP: 6/38 [gnoll/+0 club (7)]
  3444 | D:3      | HP: 2/38 [gnoll/+0 club (4)]
  3445 | D:3      | Slain by a gnoll

Vanquished Creatures
  An orc wizard (D:3)
  2 gnolls (D:3)
  3 adders
  A worm (D:3)
  A dart slug (D:1)
  3 orcs (D:3)
  5 ball pythons
  7 endoplasms
  7 giant cockroaches
  2 hobgoblins
  6 kobolds
  4 quokkas
  6 bats
  3 frilled lizards
  4 goblins
  5 rats
60 creatures vanquished.

Table legend:
 A = Non-vault XP
 B = Vault XP
 C = Vault XP percentage of total XP
 D = Non-vault monster count
 E = Vault monster count
 F = Vault count percentage of total count
                 A         B        C        D         E       F
            +---------+---------+-------+---------+---------+-------
      Total |     205 |       0 |   0.0 |      60 |       0 |   0.0
            +---------+---------+-------+---------+---------+-------
        D:1 |      41 |       0 |   0.0 |      25 |       0 |   0.0
        D:2 |      45 |       0 |   0.0 |      19 |       0 |   0.0
        D:3 |     119 |       0 |   0.0 |      16 |       0 |   0.0
            +---------+---------+-------+---------+---------+-------

Illustrated notes

Table legend:
 A = Kills in this place as a percentage of kills in entire the game.
 B = Kills by you in this place as a percentage of kills by you in the entire game.
 C = Kills by friends in this place as a percentage of kills by friends in the entire game.
 D = Other kills in this place as a percentage of other kills in the entire game.
 E = Experience gained in this place as a percentage of experience gained in the entire game.
 F = Experience gained in this place divided by the number of levels of this place that you have seen.
                   A       B       C       D       E      F
               +-------+-------+-------+-------+-------+----------------------
         Total | 100.0 | 100.0 |   N/A |   N/A | 100.0 |  68.3
       Dungeon | 100.0 | 100.0 |   N/A |   N/A | 100.0 |  68.3
               +-------+-------+-------+-------+-------+----------------------

Table legend: (Time is in decaauts)
 A = Elapsed time spent in this place.
 B = Non-inter-level travel time spent in this place.
 C = Inter-level travel time spent in this place.
 D = Time resting spent in this place.
 E = Time spent auto-exploring this place.
 F = Levels seen in this place.
 G = Mean time per level.
                   A        B        C        D        E       F      G
               +--------+--------+--------+--------+--------+-----+--------+
         Total |   3465 |   3395 |     70 |    399 |   2487 |   3 | 1155.0 |
       Dungeon |   3465 |   3395 |     70 |    399 |   2487 |   3 | 1155.0 |
               +--------+--------+--------+--------+--------+-----+--------+

Top non-repeatable levels by time:
     D:2: 1328 daAuts
     D:1: 1164 daAuts
     D:3: 972 daAuts
